Map: Golden Wall LE

Players

Astrea

  • Race: Protoss Protoss
  • League: Master
  • Spawn Location: 7:00

Solar - Winner!

  • Race: Zerg Zerg
  • Spawn Location: 5:00

Event: War Chest Team League

VOD

Have the link to the VOD?

Description

Time

  • Played on: July 31, 2020, 8:16 a.m.
  • Length: 26:44
Show
View Real Time Build Order
Export as new Build Order

Astrea Protoss 

Build Orders: 1 Gate Expand, Oracle Opening, Phoenix Opening 

Get SALT Encoding   

  12  0:00  Probe  
  13  0:12  Probe  
  14  0:18  Pylon  
  14  0:24  Probe  
  15  0:29  Assimilator  
  15  0:36  Probe (Chrono Boost)  
  16  0:44  Gateway  
  16  0:48  Probe (Chrono Boost)  
  17  0:53  Probe (Chrono Boost)  
  18  1:03  Probe  
  19  1:15  Probe  
  20  1:23  Nexus  
  20  1:33  Cybernetics Core  
  20  1:36  Probe  
  21  1:41  Assimilator  
  21  1:48  Probe  
  21  1:52  Pylon  
  22  2:00  Probe (Chrono Boost)  
  23  2:08  Adept (Chrono Boost)  
  23  2:09  Warp Gate  
  23  2:12  Probe (Chrono Boost)  
  26  2:17  Probe (Chrono Boost)  
  26  2:21  Stargate  
  27  2:28  Probe  
  28  2:31  Stalker (Chrono Boost)  
  30  2:38  Probe  
  30  2:40  Probe  
  32  2:51  Probe  
  33  2:53  Probe  
  34  3:03  Oracle (Chrono Boost), Probe  
  34  3:05  Probe  
  39  3:13  Gateway  
  39  3:15  Probe  
  39  3:17  Probe  
  39  3:19  Adept  
  43  3:22  Pylon  
  43  3:27  Probe  
  43  3:29  Probe  
  45  3:39  Phoenix (Chrono Boost), Probe  
  49  3:41  Probe  
  49  3:44  Assimilator, Pylon  
  49  3:49  Assimilator  
  49  3:51  Probe  
  49  3:53  Probe  
  49  3:55  Oracle (Chrono Boost)  
  54  4:03  Probe  
  54  4:05  Pylon, Probe  
  56  4:15  Probe  
  57  4:17  Probe  
  57  4:18  Adept x2  
  57  4:21  Pylon  
  62  4:35  Fleet Beacon  
  62  4:36  Stargate  
  62  4:43  Adept x2  
  62  4:44  Probe x2  
  68  4:57  Probe  
  69  5:11  Nexus  
  69  5:14  Pylon  
  69  5:19  Probe x2  
  71  5:26  Protoss Air Weapons Level 1  
  76  5:31  Probe  
  76  5:32  Probe  
  76  5:33  Carrier (Chrono Boost)  
  76  5:34  Carrier (Chrono Boost)  
  84  5:44  Probe x2  
  84  5:46  Pylon  
  84  5:48  Pylon  
  86  5:52  Pylon  
  86  5:54  Shield Battery  
  86  6:04  Assimilator, Probe x2  
  88  6:16  Probe x2  
  90  6:20  Sentry x2  
  100  6:27  Carrier (Chrono Boost), Probe  
  100  6:28  Probe x2  
  103  6:39  Carrier (Chrono Boost), Probe  
  104  6:40  Probe  
  111  6:48  Stalker  
  111  6:49  Stalker  
  115  7:00  Pylon  
  115  7:05  Probe x3  
  118  7:09  Forge  
  118  7:10  Twilight Council  
  118  7:11  Gateway  
  118  7:13  Gateway  
  114  7:18  Zealot x2  
  114  7:29  Pylon  
  114  7:33  Pylon  
  120  7:42  Zealot x2  
  130  7:45  Photon Cannon  
  130  7:47  Photon Cannon, Protoss Ground Weapons Level 1 (Chrono Boost)  
  130  7:48  Shield Battery  
  130  7:50  Blink (Chrono Boost)  
  116  8:00  Void Ray x2 (Chrono Boost)  
  124  8:09  Gateway  
  124  8:11  Gateway  
  124  8:13  Gateway  
  124  8:14  Gateway  
  124  8:17  Templar Archives  
  124  8:26  Sentry  
  124  8:27  Zealot x3  
  130  8:29  Photon Cannon  
  130  8:30  Photon Cannon  
  130  8:32  Photon Cannon x2  
  130  8:34  Photon Cannon  
  132  8:35  Shield Battery  
  132  8:36  Photon Cannon  
  132  8:38  Shield Battery  
  132  8:39  Photon Cannon  
  130  8:48  Zealot x3  
  129  8:52  Probe x2  
  126  9:00  Zealot  
  126  9:03  Probe  
  126  9:04  Probe  
  124  9:11  Robotics Facility  
  116  9:19  Photon Cannon  
  116  9:30  High Templar x4  
  116  9:31  High Templar x2, Zealot x2  
  128  9:36  Archon x2  
  128  9:37  Archon  
  126  9:51  Robotics Facility  
  126  10:00  Stalker  
  126  10:06  Charge, Observer (Chrono Boost)  
  129  10:09  Protoss Ground Weapons Level 2 (Chrono Boost)  
  129  10:13  Zealot x6  
  141  10:20  Pylon  
  141  10:23  Pylon  
  138  10:30  Pylon  
  138  10:31  Pylon  
  138  10:33  Pylon  
  138  10:35  Immortal  
  140  10:45  Pylon  
  140  10:47  Pylon x2  
  140  11:01  Nexus  
  140  11:10  Immortal  
  144  11:14  Immortal  
  144  11:18  Stalker x8  
  164  11:31  Nexus  
  160  11:44  Stalker  
  160  11:45  Stalker x7  
  156  12:00  Pylon  
  156  12:06  Psionic Storm  
  156  12:10  Zealot x7  
  156  12:14  Pylon  
  168  12:18  Zealot  
  168  12:21  Warp Prism (Chrono Boost)  
  154  12:37  Pylon  
  139  12:45  Protoss Ground Weapons Level 3 (Chrono Boost)  
  139  12:53  High Templar x2  
  143  13:03  High Templar  
  142  13:19  Stalker x3  
  140  13:20  Stalker x2  
  122  13:36  High Templar  
  124  13:45  Zealot x4  
  124  13:46  Nexus  
  132  13:49  Pylon, High Templar  
  125  14:14  Probe x3  
  125  14:16  Photon Cannon  
  128  14:17  Photon Cannon  
  128  14:20  Shield Battery, High Templar  
  128  14:21  High Templar, Zealot x5  
  142  14:25  Archon  
  142  14:26  Probe  
  139  14:38  Probe  
  137  14:40  Zealot  
  137  14:41  Zealot x3  
  137  14:42  High Templar x2  
  141  15:01  Zealot  
  141  15:02  Zealot x5  
  141  15:06  Shield Battery  
  153  15:13  Probe x4  
  157  15:15  Assimilator x2  
  157  15:25  High Templar x3  
  157  15:26  Zealot x4  
  157  15:27  Zealot  
  173  15:34  Archon  
  166  15:49  Zealot x5  
  162  15:58  High Templar x2  
  162  15:59  Stalker  
  162  16:02  Warp Prism (Chrono Boost), Archon  
  154  16:15  High Templar x2  
  154  16:16  Zealot x3  
  164  16:22  Photon Cannon  
  160  16:45  Nexus  
  158  16:53  Stalker x6  
  158  16:54  Stalker x2  
  174  16:58  Protoss Ground Armor Level 1 (Chrono Boost)  
  174  17:07  Pylon  
  174  17:19  Stalker x7  
  179  17:30  Observer (Chrono Boost)  
  179  17:32  High Templar  
  179  17:33  Photon Cannon, Shield Battery  
  177  17:38  Archon  
  171  17:50  Zealot x3  
  171  17:51  Zealot  
  171  18:04  High Templar  
  171  18:05  High Templar x3  
  177  18:09  Observer (Chrono Boost)  
  170  18:14  Pylon  
  170  18:15  Assimilator  
  170  18:16  Assimilator  
  166  18:29  Zealot x4  
  168  18:51  Warp Prism (Chrono Boost)  
  168  18:58  Stalker x5, Nexus  
  178  19:12  Pylon  
  159  19:32  Zealot x3  
  159  19:33  Zealot x5  
  167  19:59  Stalker x3  
  173  20:01  Zealot x3  
  173  20:02  Zealot  
  181  20:12  Pylon  
  181  20:13  Probe x5  
  181  20:14  Assimilator  
  186  20:18  Assimilator  
  172  20:28  Archon  
  172  20:32  Observer (Chrono Boost)  
  167  20:41  Zealot x8  
  183  20:45  Carrier x2 (Chrono Boost)  
  183  20:47  Protoss Shields Level 1 (Chrono Boost)  
  159  21:24  Protoss Air Weapons Level 2  
  151  21:32  Carrier (Chrono Boost)  
  151  21:33  Carrier (Chrono Boost)  
  145  21:44  Stalker x5  
  148  21:49  Zealot  
  148  21:50  Zealot x2  
  128  22:24  Carrier x2 (Chrono Boost)  
  136  22:33  Stalker x6  
  136  22:36  Warp Prism  
  127  22:43  Probe x4  
  131  22:50  Photon Cannon  
  116  23:04  High Templar x5  
  126  23:06  Nexus  
  124  23:13  Unknown  
  124  23:15  Void Ray x2 (Chrono Boost)  
  126  23:25  Shield Battery x2  
  126  23:27  Shield Battery  
  126  23:29  Photon Cannon  
  123  23:52  Zealot  
  123  23:53  Zealot x2  
  123  23:55  Void Ray x2 (Chrono Boost)  
  121  24:11  High Templar  
  121  24:12  High Templar  
  117  24:26  High Templar x2  
  117  24:30  Archon  
  115  24:32  Void Ray (Chrono Boost)  
  119  24:41  Void Ray (Chrono Boost)  
  119  24:42  Nexus  
  123  24:56  High Templar x2  
  127  25:00  Archon  
  127  25:06  Void Ray (Chrono Boost), Pylon  
  131  25:15  Probe x3  
  132  25:25  Cybernetics Core  
  132  25:27  Probe  
  133  25:31  Carrier (Chrono Boost)  
  139  25:40  Photon Cannon  
  139  25:52  Zealot  
  139  25:53  Zealot x2  
  139  25:56  Probe  
  132  26:18  Probe  
Show
View Real Time Build Order
Export as new Build Order

Solar Zerg - Winner!

Build Orders: Hatch First 

Get SALT Encoding   

  12  0:01  Drone  
  13  0:12  Overlord  
  13  0:17  Drone  
  14  0:31  Drone x2  
  16  0:48  Hatchery  
  15  0:51  Drone  
  15  0:55  Drone  
  17  0:59  Drone  
  18  1:09  Extractor  
  17  1:14  Spawning Pool  
  17  1:17  Drone  
  17  1:20  Drone  
  18  1:28  Drone  
  19  1:38  Drone  
  20  1:50  Overlord  
  20  2:00  Queen x2  
  25  2:01  Zergling x4  
  26  2:11  Drone x2  
  26  2:12  Metabolic Boost  
  28  2:22  Drone x2  
  30  2:35  Hatchery  
  29  2:39  Drone  
  29  2:42  Drone  
  31  2:48  Queen  
  33  2:53  Overlord  
  33  2:56  Drone  
  33  2:58  Drone  
  35  3:00  Drone  
  36  3:11  Drone x5  
  41  3:16  Drone  
  41  3:17  Drone  
  41  3:19  Overlord  
  43  3:22  Drone  
  44  3:32  Overlord  
  44  3:38  Drone x2  
  44  3:39  Drone  
  44  3:40  Drone  
  44  3:41  Drone  
  49  3:47  Spore Crawler  
  49  3:48  Drone  
  49  3:49  Queen  
  49  3:52  Queen  
  49  3:54  Overlord  
  54  3:55  Drone x2  
  54  4:00  Spore Crawler  
  54  4:04  Zergling x8  
  54  4:07  Overlord  
  57  4:10  Drone  
  57  4:13  Drone x2  
  60  4:18  Drone, Spore Crawler  
  60  4:20  Overlord  
  60  4:23  Overlord  
  60  4:27  Overlord  
  60  4:30  Zergling x2  
  61  4:31  Drone  
  61  4:32  Drone x3  
  61  4:37  Drone  
  61  4:38  Lair  
  65  4:45  Extractor x2  
  63  4:47  Roach Warren, Drone x3  
  63  4:50  Drone  
  66  4:53  Spore Crawler  
  66  4:55  Drone  
  66  4:56  Zergling x6  
  70  5:00  Drone  
  70  5:01  Drone x2  
  70  5:04  Extractor, Overlord  
  72  5:07  Zergling x4  
  72  5:08  Zergling x2  
  72  5:11  Overlord  
  72  5:13  Drone  
  76  5:16  Overlord  
  76  5:18  Drone  
  76  5:20  Drone  
  76  5:21  Extractor  
  77  5:26  Drone x3  
  77  5:27  Drone x2  
  80  5:31  Drone x4  
  80  5:35  Drone x2  
  86  5:37  Drone  
  86  5:39  Extractor  
  86  5:42  Spire  
  86  5:45  Drone  
  86  5:46  Drone  
  86  5:48  Drone, Spore Crawler  
  87  5:54  Overseer  
  87  5:55  Drone x3  
  90  6:01  Drone  
  90  6:03  Glial Reconstitution  
  90  6:05  Drone x3  
  90  6:07  Overlord  
  90  6:08  Zergling x4  
  90  6:10  Drone  
  95  6:17  Overlord  
  95  6:20  Overlord  
  95  6:22  Overlord  
  95  6:24  Hatchery  
  93  6:28  Overlord  
  93  6:37  Drone  
  93  6:38  Drone x2  
  92  6:47  Roach x3  
  98  6:55  Corruptor x6  
  110  7:01  Overlord  
  110  7:06  Overlord  
  110  7:07  Corruptor  
  112  7:08  Corruptor  
  112  7:11  Overlord  
  112  7:13  Overlord  
  112  7:15  Corruptor x2  
  112  7:20  Zergling x8  
  112  7:22  Zergling x4  
  117  7:24  Roach  
  117  7:27  Corruptor  
  121  7:30  Roach  
  121  7:34  Roach x3  
  127  7:38  Overlord  
  127  7:40  Overseer, Corruptor  
  127  7:44  Roach x2  
  133  7:49  Roach  
  135  7:55  Roach x6  
  135  7:57  Zergling x6  
  150  7:59  Zergling x2  
  150  8:00  Zergling x2  
  150  8:01  Zergling x2  
  150  8:04  Zerg Flyer Weapons Level 1  
  151  8:09  Roach  
  151  8:10  Roach x3  
  161  8:12  Roach  
  161  8:15  Roach x2  
  156  8:20  Corruptor  
  156  8:21  Corruptor  
  156  8:24  Corruptor  
  156  8:26  Extractor  
  161  8:29  Drone x3  
  161  8:30  Overseer  
  161  8:32  Corruptor  
  166  8:35  Drone x2  
  166  8:37  Drone x2  
  166  8:38  Drone  
  167  8:41  Corruptor  
  167  8:45  Corruptor  
  167  8:47  Zergling x4  
  161  8:51  Zergling x2  
  161  8:52  Zergling x6  
  161  8:55  Corruptor  
  156  8:59  Corruptor  
  156  9:02  Zergling x6  
  158  9:06  Corruptor  
  158  9:08  Zergling x6  
  160  9:10  Roach  
  160  9:13  Roach  
  156  9:19  Corruptor  
  156  9:22  Evolution Chamber  
  156  9:24  Drone x6  
  150  9:25  Drone  
  150  9:27  Drone  
  150  9:28  Drone  
  150  9:30  Drone x2  
  154  9:36  Corruptor  
  156  9:43  Corruptor x2  
  160  9:50  Ravager x5  
  160  9:51  Ravager  
  166  9:56  Zerg Missile Weapons Level 1  
  166  9:58  Corruptor x2  
  170  10:04  Roach x3  
  170  10:07  Hatchery  
  175  10:08  Roach x3  
  175  10:12  Overlord x2  
  181  10:18  Baneling Nest  
  181  10:21  Roach  
  182  10:22  Overlord x2  
  182  10:23  Overlord  
  182  10:28  Roach  
  184  10:29  Overlord  
  184  10:31  Roach x4  
  184  10:34  Roach  
  194  10:38  Zergling x10  
  200  10:43  Roach  
  200  10:46  Roach  
  200  10:47  Roach  
  198  10:52  Zergling x2  
  198  10:55  Zergling x4  
  189  11:06  Drone x5  
  189  11:07  Centrifical Hooks  
  194  11:15  Zergling x10  
  194  11:17  Baneling x7  
  194  11:18  Baneling x5  
  197  11:39  Zergling x4  
  196  11:43  Zergling x2  
  183  11:48  Zergling x38  
  183  11:51  Infestation Pit  
  183  11:54  Zerg Flyer Weapons Level 2  
  199  11:56  Baneling x7, Ravager  
  200  12:14  Queen  
  200  12:19  Zergling x10  
  200  12:20  Zergling x2  
  200  12:22  Baneling x6  
  199  12:25  Zergling x2  
  198  12:32  Zergling x2, Ravager  
  197  12:38  Zergling x2  
  197  12:41  Zergling x10  
  197  12:43  Zergling x6  
  199  12:44  Zergling x2  
  199  12:49  Hive  
  199  12:55  Baneling x12  
  199  12:57  Zerg Melee Weapons Level 1, Evolution Chamber  
  198  13:00  Ravager  
  199  13:09  Hatchery  
  188  13:13  Zergling x6  
  188  13:14  Zergling x16  
  188  13:15  Zergling x2  
  188  13:18  Zergling x6  
  193  13:24  Zergling x8  
  193  13:25  Zergling x24  
  193  13:26  Zergling x2  
  185  13:30  Zergling x2  
  185  13:31  Corruptor  
  185  13:32  Corruptor  
  176  13:36  Zergling x2  
  176  13:40  Zergling x4  
  179  13:45  Zergling x10  
  179  13:47  Ravager x7  
  179  13:48  Zerg Missile Weapons Level 2, Overseer  
  191  13:52  Zergling x8  
  191  13:53  Zergling x6  
  197  13:58  Queen  
  197  13:59  Drone x3  
  197  14:00  Zergling x8  
  197  14:02  Adrenal Glands, Drone  
  199  14:06  Baneling x38  
  199  14:07  Baneling  
  199  14:21  Baneling  
  199  14:22  Baneling x18  
  199  14:28  Zergling x2  
  189  14:33  Zergling x22  
  193  14:42  Greater Spire  
  193  14:44  Drone x2  
  193  14:45  Drone  
  196  14:49  Zergling x18  
  196  14:52  Zergling x4  
  200  14:53  Zergling x4  
  194  15:01  Corruptor x2  
  198  15:07  Drone  
  198  15:08  Overseer  
  198  15:11  Zergling x2  
  199  15:15  Baneling x11  
  194  15:27  Corruptor x2  
  200  15:30  Overseer  
  200  15:32  Extractor  
  194  15:41  Zergling x8  
  194  15:42  Zergling x4  
  194  15:51  Zerg Melee Weapons Level 2  
  194  15:55  Drone x2  
  198  16:02  Brood Lord x6  
  190  16:07  Drone x3  
  192  16:13  Corruptor x2  
  194  16:19  Corruptor  
  194  16:24  Zergling x20  
  197  16:26  Drone x2  
  199  16:33  Baneling x2  
  199  16:42  Hatchery  
  199  16:46  Zergling x20  
  199  16:48  Zergling x2  
  199  16:49  Zergling x14  
  199  16:53  Corruptor  
  186  16:56  Baneling x3  
  186  16:59  Brood Lord x4  
  194  17:06  Corruptor  
  196  17:09  Corruptor  
  190  17:18  Corruptor x2  
  193  17:23  Zergling x10  
  194  17:31  Spire  
  194  17:34  Zergling x2  
  194  17:35  Zergling x2  
  191  17:40  Zergling x6  
  170  17:44  Zergling x2  
  170  17:45  Zergling x4  
  170  17:49  Baneling x7  
  171  17:54  Zergling x2  
  171  17:55  Zergling x4  
  171  17:56  Zergling x2  
  175  18:04  Spawning Pool  
  173  18:12  Roach x2  
  178  18:13  Roach x3  
  178  18:14  Roach  
  178  18:18  Drone x3  
  181  18:34  Baneling x6  
  181  18:46  Greater Spire  
  180  18:54  Drone  
  181  18:57  Zergling x8  
  185  19:04  Zergling x6  
  185  19:05  Zergling x2  
  186  19:15  Drone x2  
  186  19:16  Drone x4  
  180  19:19  Zergling x18  
  184  19:28  Zergling x2  
  184  19:29  Zergling x2  
  170  19:37  Zergling x6  
  173  19:41  Corruptor  
  173  19:42  Corruptor  
  177  19:51  Baneling x7  
  173  19:59  Brood Lord x8  
  189  20:03  Zerg Flyer Armor Level 1  
  189  20:04  Zergling x2  
  189  20:05  Zergling x18  
  199  20:11  Baneling x4  
  199  20:18  Zergling x4  
  199  20:19  Zergling x4  
  199  20:20  Zergling x8  
  189  20:29  Zergling x10  
  189  20:32  Zergling x2  
  187  20:37  Zergling x2  
  187  20:39  Baneling x10  
  187  20:40  Zergling x2  
  187  20:41  Zergling x4  
  189  20:44  Zergling x2  
  189  20:47  Zergling x2  
  189  20:48  Queen x2  
  183  20:51  Baneling x3  
  183  20:52  Zergling x6  
  183  20:55  Zergling x10  
  182  20:59  Zergling x2  
  182  21:00  Zergling x4  
  182  21:03  Roach  
  183  21:10  Roach x5  
  189  21:18  Zergling x12  
  192  21:22  Zergling x6  
  194  21:28  Zergling x2  
  194  21:29  Zergling x2  
  185  21:35  Zergling x8  
  185  21:38  Zergling x2  
  185  21:39  Zergling x2  
  185  21:42  Zergling x8  
  183  21:47  Baneling x5  
  183  21:49  Zergling x2  
  183  21:51  Zergling x8  
  183  21:56  Zergling x8  
  180  22:02  Zergling x4  
  180  22:07  Corruptor  
  180  22:08  Extractor  
  180  22:10  Zergling x4  
  180  22:11  Zergling x6  
  180  22:14  Corruptor  
  183  22:17  Zergling x4  
  173  22:33  Corruptor  
  168  22:43  Extractor  
  164  22:44  Zergling x2  
  164  22:45  Zergling x16  
  171  22:52  Corruptor  
  171  22:54  Hatchery  
  171  22:56  Zergling x10  
  176  23:08  Corruptor  
  162  23:18  Queen x2  
  162  23:19  Corruptor  
  157  23:32  Corruptor  
  151  23:41  Drone x3  
  151  23:45  Corruptor  
  149  23:58  Zergling x10  
  153  24:04  Corruptor  
  147  24:10  Queen x2  
  147  24:14  Corruptor  
  147  24:16  Zergling x6  
  147  24:20  Extractor  
  147  24:21  Spore Crawler  
  147  24:23  Drone  
  146  24:28  Corruptor  
  147  24:34  Overseer  
  147  24:42  Corruptor  
  140  24:49  Queen  
  140  24:50  Roach  
  142  25:01  Corruptor  
  142  25:11  Corruptor  
  144  25:25  Corruptor  
  146  25:34  Corruptor  
  147  25:40  Hatchery  
  146  25:53  Corruptor  
  146  26:03  Corruptor  
Tags
 
Add a new tag
Caveats
  • Supply blocks, unpowered buildings, or Contaminate may cause inaccurate times.
  • Supply counts are checked every 10 seconds.